 Dungeon Crawl Stone Soup version 0.29.1-12-g30fa7ad0bf (webtiles) character file.

Game seed: 1972756041616024358

9 DemonSlayer the Digger (level 2, -1/19 HPs)
             Began as a Demonspawn Earth Elementalist on Dec 24, 2022.
             Slain by a kobold
             ... wielding a +0 whip
              (3 damage)
             ... on level 1 of the Dungeon.
             The game lasted 00:02:10 (726 turns).

DemonSlayer the Digger (DsEE)                        Turns: 726, Time: 00:02:10

Health: -1/19      AC:  2    Str:  8    XL:     2   Next: 6%
Magic:  2/5        EV: 12    Int: 16    God:
Gold:   19         SH:  0    Dex: 13    Spells: 4/5 levels left

rFire   . . .      SeeInvis .   c - +0 sling
rCold   . . .      Faith    .   (no shield)
rNeg    . . .      Spirit   .   a - +0 robe
rPois   .          Reflect  .   (no helmet)
rElec   .          Harm     .   (no cloak)
rCorr   .          Rampage  .   (no gloves)
Will    .....                   (no boots)
Stlth   ++........              (no amulet)
HPRegen 0.06/turn               (no ring)
MPRegen 0.09/turn               (no ring)

@: no status effects
A: powered by pain 1
a: no special abilities


You were on level 1 of the Dungeon.
You visited 1 branch of the dungeon, and saw 1 of its levels.

You collected 19 gold pieces.

Inventory:

Hand Weapons
 c - a +0 sling (weapon)
Armour
 a - a +0 robe (worn)
Scrolls
 b - a scroll of teleportation {unknown}
Potions
 d - a potion of berserk rage {unknown}


   Skills:
 + Level 0.6 Ranged Weapons
 + Level 1.9 Dodging
 + Level 1.7 Stealth
 + Level 2.1 Spellcasting
 + Level 1.1 Transmutations
 + Level 2.8 Earth Magic


You had 4 spell levels left.
You knew the following spells:

 Your Spells              Type           Power      Damage    Failure   Level
a - Sandblast             Erth           20%        2d7       6%          1

Your spell library contained the following spells:

 Spells                   Type           Power      Damage    Failure   Level
 Passwall                 Tmut/Erth      5%         N/A       14%         2
 Stone Arrow              Conj/Erth      12%        3d7       34%         3
 Petrify                  Tmut/Erth      7%         N/A       67%         4


Dungeon Overview and Level Annotations

Branches:
Dungeon (1/15)

Altars:


Innate Abilities, Weirdness & Mutations

You sometimes gain a little power by taking damage.


Message History

The giant cockroach closely misses you.
You closely miss the giant cockroach.
The kobold shouts!
The giant cockroach bites you but does no damage.
The giant cockroach closely misses you.
You clumsily bash the giant cockroach but do no damage.
The giant cockroach bites you. The kobold hits you but does no damage.
The giant cockroach closely misses you.
You are too injured to fight recklessly!
You are too injured to fight recklessly!
You are too injured to fight recklessly!
You clumsily bash the giant cockroach but do no damage.
You punch the giant cockroach, but do no damage.
The giant cockroach bites you but does no damage.
The kobold completely misses you.
You clumsily bash the giant cockroach but do no damage.
The giant cockroach bites you. The kobold barely misses you.
The giant cockroach bites you.
* * * LOW HITPOINT WARNING * * *
The kobold barely misses you.
You clumsily bash the giant cockroach but do no damage.
The giant cockroach bites you.
* * * LOW HITPOINT WARNING * * *
The kobold misses you. The giant cockroach closely misses you.
You closely miss the giant cockroach. The giant cockroach misses you.
The kobold closely misses you. The giant cockroach bites you.
* * * LOW HITPOINT WARNING * * *
The kobold barely misses you.
You clumsily bash the giant cockroach but do no damage.
The giant cockroach waves its antennae.
The giant cockroach bites you but does no damage.
The kobold closely misses you. The giant cockroach closely misses you.
You clumsily bash the giant cockroach but do no damage.
The kobold hits you but does no damage. The giant cockroach bites you.
* * * LOW HITPOINT WARNING * * *
The kobold closely misses you.
You barely miss the giant cockroach.
The giant cockroach bites you but does no damage.
The kobold hits you with a +0 whip.
You die...

# #... . #...
#.#:.####
##.#...#..
..#.....#
#... #.#
#..###B#
..###.?..K@#
..........###
######......#
####.#.#
###.#.# #...#
. ..
#.#.###.###
## .#
..........#
.#
..#.###.#.#
.###


You could see a giant cockroach and a kobold.

Vanquished Creatures
  A goblin (D:1)
  3 hobgoblins (D:1)
  A quokka (D:1)
  A frilled lizard (D:1)
  2 kobolds (D:1)
  A rat (D:1)
9 creatures vanquished.

Notes
Turn   | Place    | Note
-------+----------+-------------------------------------------
     0 | D:1      | DemonSlayer the Demonspawn Earth Elementalist began the
                  | quest for the Orb.
     0 | D:1      | Reached XP level 1. HP: 13/13 MP: 3/3
   139 | D:1      | Reached skill level 1 in Transmutations
   703 | D:1      | Gained mutation: You sometimes gain a little power by
                  | taking damage. [demonic ancestry]
   703 | D:1      | Reached XP level 2. HP: 11/19 MP: 1/5
   726 | D:1      | Slain by a kobold

Illustrated notes

Levels and vault maps discovered:
D:1:      matt_arrival_refuge, layout_basic, st_stairs_7, minmay_heptomino_w4

Skill      XL: |  1 |
---------------+----+-----
Transmutations | 1 |  1.1
Ranged Weapons | |  0.6
Dodging        | |  1.9
Stealth        | |  1.7
Spellcasting   | |  2.1
Earth Magic    | |  2.8

Action                   || total
-------------------------++-------
Melee: Sling             ||    16
       Punch             ||     1
 Fire: Sling             ||    27
 Cast: Sandblast         ||    10
  Use: Potion            ||     1
Armor: Robe              ||    13
Dodge: Dodged            ||    35
